 Dungeon Crawl Stone Soup version 0.30.1 (webtiles) character file.

Game seed: 9811517344212447267

182 boopmooplesden the Twirler (level 5, -1/48 HPs)
             Began as a Gargoyle Gladiator on July 11, 2023.
             Slain by a river rat (5 damage)
             ... in a sewer.
             The game lasted 00:02:25 (2109 turns).

boopmooplesden the Twirler (Gargoyle Gladiator)     Turns: 2109, Time: 00:02:26

Health: -1/48      AC: 22    Str: 19    XL:     5   Next: 61%
Magic:  5/5        EV: -1    Int:  9    God:
Gold:   131        SH:  0    Dex: 11    Spells: 4/4 levels left

rFire   . . .        a - +0 quarterstaff
rCold   . . .        (shield currently unavailable)
rNeg    + . .        m - melded +0 scale mail
rPois   ∞            c - melded +0 helmet
rElec   .            (cloak currently unavailable)
rCorr   .            (gloves currently unavailable)
SInv    .            (boots currently unavailable)
Will    .....        (no amulet)
Stlth   +            (no ring)
HPRegen 0.28/turn    (no ring)
MPRegen 0.09/turn

%: no passive effects
@: tree-form, constricted
A: stationary, stasis, torment immunity, boosted hp, sickness immunity, AC +4,
negative energy resistance 1, (electricity resistance), torment resistance 1,
petrification resistance
a: no special abilities


You were in a sewer.
You were a tree.
You visited 1 branch of the dungeon, and saw 3 of its levels.
You also visited: Sewer.

You collected 131 gold pieces.

Inventory:

Hand Weapons
 a - a +0 quarterstaff (weapon)
Missiles
 d - 2 throwing nets (quivered)
 e - a javelin
Armour
 b - a +0 leather armour
 c - a +0 helmet (melded)
 m - a +0 scale mail (melded)
Jewellery
 o - a +6 ring of dexterity
Scrolls
 j - a scroll of poison {unknown}
 n - a scroll of teleportation {unknown}
Potions
 f - a potion of magic
 g - a potion of resistance {unknown}
 h - a potion of haste {unknown}
 i - a potion of heal wounds {unknown}
 k - a potion of curing
 l - a potion of might {unknown}
 p - a potion of lignification


   Skills:
 + Level 3.2 Fighting
 + Level 4.2 Staves
 + Level 2.2 Throwing
 + Level 2.3 Armour
 + Level 3.1 Dodging


You had 4 spell levels left.
You didn't know any spells.
Your spell library contained the following spells:

 Spells                   Type           Power      Damage    Failure   Level
 Vhi's Electric Charge    Tloc/Air       0%         N/A       77%         3
 Arcjolt                  Conj/Air       0%         1d10      100%        5
 Maxwell's Capacitive Co  Air            0%         ∞         100%        8


Dungeon Overview and Level Annotations

Branches:
Dungeon (3/15)              Sewer (1/1)

Altars:


Innate Abilities, Weirdness & Mutations

You are a tree.
Your roots penetrate the ground, keeping you stationary.
You cannot be teleported.
You are immune to unholy pain and torment.
Your maximum health is greatly increased.
Your equipment is partially melded.
You are immune to sickness and miasma.
((Your stone body is resilient. (AC +4)))
You are immune to poison.
You resist negative energy. (rN+)
((You are resistant to electric shocks. (rElec)))
You are resistant to unholy torment.
You are immune to petrification.


Message History

You kill the ball python!
A ball python comes into view.
The river rat bites you.
* * * LOW HITPOINT WARNING * * *
The rat barely misses you.
A rat comes into view.
It was a potion of magic.
Magic courses through your body.
The ball python hisses angrily.
The ball python bites you.
* * * LOW HITPOINT WARNING * * *
The ball python barely misses you. The rat closely misses you.
The river rat bites you but does no damage.
The ball python completely misses you. The ball python barely misses you.
It was a potion of curing.
You feel better. The rat bites you. The river rat bites you.
* * * LOW HITPOINT WARNING * * *
The ball python closely misses you. The ball python grabs you.
The ball python constricts you.
It was a potion of lignification.
You turn into a tree.
Your +0 helmet melds into your body.
Your +0 scale mail melds into your body.
Your roots penetrate the ground.
The rat bites you but does no damage.
The river rat bites you but does no damage.
The ball python bites you but does no damage.
The ball python constricts you.
You feel better. The rat bites you but does no damage.
A rat comes into view.
The river rat bites you!
* * * LOW HITPOINT WARNING * * *
The ball python bites you but does no damage.
The ball python constricts you.
You hit the river rat.
The river rat is heavily wounded.
The ball python bites you but does no damage.
The ball python constricts you. The rat bites you but does no damage.
The river rat bites you.
* * * LOW HITPOINT WARNING * * *
The ball python bites you but does no damage.
The ball python constricts you. The river rat bites you.
You die...

##....≈≈≈≈≈≈≈≈≈≈≈≈≈≈≈
####################
##################
###♣#~≈≈≈≈≈≈≈≈≈≈≈≈≈≈
#rrSrr~~≈≈≈≈≈≈≈≈≈≈≈~
#..Sr~~~~≈~~≈≈≈≈≈≈≈≈~
#....r.≈≈≈~~≈≈≈#~≈≈~~≈
#......~≈≈~≈~~≈≈≈~~≈~≈
#......~≈≈≈~~~~.~≈≈~≈≈
#r...#################
#...# ...#


You could see a river rat, 2 ball pythons and 6 rats.

Vanquished Creatures
  Terence (D:2)
  3 gnolls (D:2)
  4 adders
  6 river rats
  A worm (D:3)
  A dart slug (D:3)
  2 endoplasms
  2 giant cockroaches
  4 goblins
  4 kobolds
  2 quokkas
  3 ball pythons
  A frilled lizard (D:2)
  11 rats
45 creatures vanquished.

Notes
Turn   | Place    | Note
-------+----------+-------------------------------------------
     0 | D:1      | boopmooplesden the Gargoyle Gladiator began the quest for
                  | the Orb.
     0 | D:1      | Reached XP level 1. HP: 12/12 MP: 1/1
   695 | D:2      | Reached XP level 2. HP: 17/17 MP: 2/2
   772 | D:2      | Reached XP level 3. HP: 15/22 MP: 3/3
  1371 | D:2      | Noticed Terence
  1381 | D:2      | Killed Terence
  1382 | D:2      | Reached skill level 1 in Armour
  1382 | D:2      | Reached XP level 4. HP: 24/27 MP: 4/4
  1491 | D:2      | Noticed a golden eye
  1493 | D:2      | Found a faded altar of an unknown god.
  1495 | D:2      | Noticed a great orb of eyes
  1495 | D:2      | Noticed a golden eye
  1495 | D:2      | Noticed a golden eye
  1747 | D:3      | Reached skill level 4 in Staves
  1903 | D:3      | Reached XP level 5. HP: 24/32 MP: 5/5
  1910 | D:3      | Found a glowing drain.
  1914 | Sewer    | Entered a sewer
  2109 | Sewer    | Slain by a river rat

Illustrated notes

Levels and vault maps discovered:
D:1:      nicolae_arrival_somewhat_less_tricky_arrival, layout_loops_ring,
          minmay_pentomino_o2
D:2:      layout_basic, hellmonk_ecumenical_altar_watching_god,
          kennysheep_generic_room_2, uniq_terence
D:3:      layout_rooms, gup_sewer_entry_bowl, kennysheep_generic_room_16,
          uniq_robin
Sewer:    sewer_minmay_w

Skill      XL: |  1  2  3  4  5 |
---------------+----------------+-----
Throwing       | 2 |  2.2
Armour         | 1 2 |  2.3
Staves         | 4 |  4.2
Dodging        | 3 |  3.1
Fighting       | 3 |  3.2

Action                     |  1- 3 |  4- 6 || total
---------------------------+-------+-------++-------
  Melee: Quarterstaff      |    49 |   118 ||   167
  Throw: Throwing net      |     2 |       ||     2
    Use: Potion            |       |     4 ||     4
 Armour: Leather armour    |     8 |       ||     8
         Scale mail        |    13 |    72 ||    85
         Skin              |       |     8 ||     8
  Dodge: Dodged            |    34 |    96 ||   130
